 Dungeon Crawl Stone Soup version 0.20.0-1-g1cb1d84 (webtiles) character file.

2740 George the Carver (level 9, -15/65 HPs)
             Began as a Demonspawn Gladiator on May 26, 2017.
             Was a Follower of Makhleb.
             Demolished by Joseph
             ... wielding a +0 quarterstaff
              (21 damage)
             ... on level 7 of the Dungeon.
             The game lasted 00:17:58 (9382 turns).

George the Carver (Demonspawn Gladiator)            Turns: 9382, Time: 00:17:58

Health: -15/65     AC: 12    Str: 17    XL:     9   Next: 40%
Magic:  20/20      EV: 14    Int: 10    God:    Makhleb [*.....]
Gold:   304        SH:  0    Dex: 20    Spells: 8/8 levels left

rFire    + + .     SeeInvis .   u - +3 great sword
rCold    . . .     Gourm    .   (shield currently unavailable)
rNeg     + . .     Faith    .   q - +1 chain mail {rF+}
rPois    .         Spirit   .   c - +0 helmet
rElec    .         Reflect  .   (no cloak)
rCorr    .         Harm     .   k - +0 pair of gloves
MR       .....                  (no boots)
Stlth    ..........             (no amulet)
Regen    0.2/turn               r - ring of magical power
MPRegen  0.2/turn               a - ring of positive energy

@: agile
A: demonic guardian 1, fire resistance 1, flame cloud immunity
a: Renounce Religion


You were on level 7 of the Dungeon.
You worshipped Makhleb.
Makhleb was aware of your devotion.
You were hungry.

You visited 2 branches of the dungeon, and saw 8 of its levels.
You also visited: Sewer.

You collected 304 gold pieces.

Inventory:

Hand Weapons
 u - a +3 great sword (weapon)
 w - a +2 short sword of venom
Missiles
 d - 3 throwing nets
 D - 7 tomahawks (quivered)
Armour
 c - a +0 helmet (worn)
 k - a +0 pair of gloves (worn)
 q - a +1 chain mail of fire resistance (worn)
Jewellery
 a - a ring of positive energy (right hand)
 r - a ring of magical power (left hand)
Wands
 e - a wand of confusion (17/48)
 t - a wand of digging (13/24)
 B - a wand of scattershot (7/9)
 C - a wand of iceblast (5/15)
 E - a wand of flame (22/48)
Scrolls
 g - a scroll of teleportation
 h - a scroll of noise {unknown}
 i - 3 scrolls of remove curse
 o - 2 scrolls of enchant armour {unknown}
 s - 4 scrolls of identify
 x - a scroll of magic mapping {unknown}
 y - a scroll of recharging {unknown}
 z - a scroll of blinking {unknown}
Potions
 j - a potion of mutation
 l - a potion of heal wounds
 m - 2 potions of curing
 n - a potion of cancellation
 p - 4 potions of haste
Comestibles
 f - 3 bread rations
 v - 2 meat rations
 A - a fruit


   Skills:
 + Level 4.3 Fighting
 + Level 10.3 Long Blades
 - Level 1.7 Throwing
 + Level 2.9 Armour
 + Level 4.0 Dodging
 + Level 3.8 Invocations


You had 8 spell levels left.
You didn't know any spells.

Dungeon Overview and Level Annotations

Branches:
Dungeon (7/15)             Temple (1/1) D:5

Altars:
Ashenzari
Cheibriados
Dithmenos
Elyvilon
Fedhas
Gozag
Hepliaklqana
Kikubaaqudgha
Makhleb
Nemelex Xobeh
Okawaru
Qazlal
Ru
Sif Muna
Trog
Uskayaw
Vehumet
Xom
Yredelemnul
Zin
The Shining One

Shops:
D:4 *   D:7 (

Annotations:
D:7 Joseph


Innate Abilities, Weirdness & Mutations

A weak demonic guardian rushes to your aid.
Your flesh is heat resistant. (rF+)
You are immune to clouds of flame.


Message History

Joseph hits you but does no damage. x2; Your iron imp closely misses Joseph.
You hit Joseph but do no damage.
Joseph is heavily wounded.
Joseph hits you with an uncursed quarterstaff!!
Joseph hits you but does no damage.
You are too injured to fight recklessly!
You are too injured to fight recklessly!
You hit Joseph.
Joseph is heavily wounded.
Your iron imp hits Joseph.
Joseph hits you with an uncursed quarterstaff!!
* * * LOW HITPOINT WARNING * * *
Your iron imp closely misses Joseph.
Joseph hits you with an uncursed quarterstaff!
* * * LOW HITPOINT WARNING * * *
You see here a sling bullet.
You feel agile all of a sudden.
Your iron imp barely misses Joseph.
Joseph hits you with an uncursed quarterstaff!!
You die...

....#####....# #....#
.............####....###
.....................:.#
.......................'
.......................#
............>..........#
.......................#
##....(#######+#......#
#[...@# #......# #...5@#
#......# #....5#
+......# #.....#
#......' #[....#
#......# ####...
#.....## #... #.....#.
###+ #.....'. #.....#.


You could see Joseph (berserk), a friendly iron imp and a friendly quasit.

Vanquished Creatures
  Edmund (D:4)
  3 orc warriors
  A sky beast (D:6)
  2 phantoms
  An ogre (D:5)
  2 centaurs (D:5)
  3 bullfrogs
  3 scorpions
  4 wights
  3 crimson imps
  A bullfrog zombie (D:5)
  A quasit (D:5)
  3 hounds
  2 jellies
  5 orc priests
  5 orc wizards
  8 worker ants
  A river rat (D:3)
  8 adders
  2 shadow imps (D:7)
  An ooze (D:6)
  2 adder skeletons
  An adder zombie (D:5)
  2 worms (D:2)
  3 dart slugs
  7 leopard geckos
  24 orcs
  9 ball pythons
  9 bats
  10 giant cockroaches
  2 hobgoblins
  4 quokkas
  8 frilled lizards
  11 goblins
  5 kobolds
  7 rats
164 creatures vanquished.

Vanquished Creatures (collateral kills)
  The ghost of sour the Twirler, an amateur FoFi (D:4)
  An ogre (D:5)
  The ghost of Exporg the Caller, an amateur DESu (D:3)
  4 wights
  A howler monkey (D:4)
  4 adders (Sewer)
  6 orcs
  A ball python (Sewer)
  A giant cockroach (D:3)
20 creatures vanquished.

Grand Total: 184 creatures vanquished

Notes
Turn   | Place    | Note
-------+----------+-------------------------------------------
     0 | D:1      | George the Demonspawn Gladiator began the quest for the Orb.
     0 | D:1      | Reached XP level 1. HP: 16/16 MP: 1/1
    53 | D:1      | Reached skill level 3 in Long Blades
   272 | D:1      | Gained mutation: A weak demonic guardian rushes to your aid. [demonic ancestry]
   272 | D:1      | Reached XP level 2. HP: 22/22 MP: 2/2
   886 | D:2      | Gained mutation: Your flesh is heat resistant. (rF+) [demonic ancestry]
   886 | D:2      | Reached XP level 3. HP: 26/27 MP: 3/3
   927 | D:2      | Reached skill level 4 in Long Blades
  1580 | D:3      | Reached XP level 4. HP: 32/33 MP: 4/4
  1596 | D:3      | Noticed Exporg's ghost (amateur DESu)
  1883 | D:3      | Killed Exporg's ghost
  1883 | D:3      | Reached skill level 5 in Long Blades
  1883 | D:3      | Reached XP level 5. HP: 29/38 MP: 5/5
  2076 | D:3      | Found a glowing drain.
  2101 | Sewer    | Entered a sewer
  2363 | Sewer    | Reached skill level 6 in Long Blades
  2525 | Sewer    | Gained mutation: You are immune to clouds of flame. [demonic ancestry]
  2525 | Sewer    | Reached XP level 6. HP: 40/44 MP: 6/6
  2952 | D:3      | Found an opulent altar of Gozag.
  2986 | D:4      | Noticed Edmund
  3223 | D:4      | Killed Edmund
  3223 | D:4      | Reached skill level 7 in Long Blades
  3438 | D:4      | Noticed sour's ghost (amateur FoFi)
  3449 | D:4      | Reached XP level 7. HP: 23/50 MP: 7/7
  4224 | D:4      | Killed sour's ghost
  4224 | D:4      | Reached skill level 8 in Long Blades
  5712 | D:4      | Found Zegutz's Assorted Antiques.
  5874 | D:5      | Entered Level 5 of the Dungeon
  5887 | D:5      | Reached skill level 9 in Long Blades
  5887 | D:5      | Reached XP level 8. HP: 52/56 MP: 8/8
  6862 | D:5      | Reached skill level 1 in Armour
  6896 | D:5      | Found a staircase to the Ecumenical Temple.
  6901 | Temple   | Entered the Ecumenical Temple
  7041 | Temple   | Became a worshipper of Makhleb the Destroyer
  7342 | D:5      | Reached skill level 10 in Long Blades
  7349 | D:5      | Reached skill level 1 in Invocations
  7644 | D:5      | HP: 2/58 [orc warrior/war axe of chopping (15)]
  7656 | D:5      | HP: 1/58 [orc warrior/war axe of chopping (2)]
  8259 | D:6      | Reached XP level 9. HP: 41/64 MP: 10/10
  8774 | D:6      | Reached * piety under Makhleb
  9055 | D:7      | Found Wourgh's Weapon Shop.
  9369 | D:7      | Noticed Joseph
  9382 | D:7      | Demolished by Joseph

Skill      XL: |  1  2  3  4  5  6  7  8  9 |
---------------+----------------------------+-----
Long Blades    | 3 4 5 6 7 9 10 | 10.3
Armour         | 2 |  2.9
Dodging        | 3 4 |  4.0
Fighting       | 3 4 |  4.3
Invocations    | 2 3 |  3.8
Throwing       | |  1.7

Action                   |  1- 3 |  4- 6 |  7- 9 || total
-------------------------+-------+-------+-------++-------
Melee: Long sword        |   105 |   180 |    63 ||   348
       Great sword       |       |       |   250 ||   250
Throw: Tomahawk          |       |       |     8 ||     8
       Throwing net      |       |       |     1 ||     1
Evoke: Wand              |       |       |     4 ||     4
  Use: Potion            |       |     3 |     3 ||     6
       Scroll            |       |     7 |     1 ||     8
 Stab: Sleeping          |     1 |       |       ||     1
       Distracted        |       |       |     2 ||     2
       Confused          |       |       |     2 ||     2
  Eat: Chunk             |     2 |     7 |    14 ||    23
       Bread ration      |       |       |     1 ||     1
Armor: Leather armour    |    30 |       |       ||    30
       Ring mail         |    20 |    40 |       ||    60
       Chain mail        |       |   104 |   210 ||   314
Dodge: Dodged            |    62 |   181 |   133 ||   376
       Rpst.: Long sword |    19 |    65 |     2 ||    86
       Great sword       |       |       |    33 ||    33
